 Dungeon Crawl Stone Soup version 0.24.0-125-gc4c63601f3 (webtiles) character file.

Game seed: 5069425605530195899, levelgen mode: deterministic

391 LraC the Slinger (level 7, -1/46 HPs)
             Began as a Halfling Hunter on Mar 9, 2020.
             Was a Believer of Okawaru.
             Slain by Schattenjager's ghost (6 damage)
             ... on level 3 of the Dungeon.
             The game lasted 00:21:48 (1918 turns).

LraC the Slinger (Halfling Hunter)                  Turns: 1918, Time: 00:21:49

Health: -1/46      AC:  4    Str: 13    XL:     7   Next: 8%
Magic:  7/7        EV: 15    Int: 10    God:    Okawaru [**....]
Gold:   179        SH:  0    Dex: 16    Spells: 6/6 levels left

rFire    . . .     SeeInvis .   d - +1 hand axe (elec)
rCold    . . .     Gourm    .   (shield restricted)
rNeg     + . .     Faith    .   c - +1 leather armour
rPois    .         Spirit   .   (no helmet)
rElec    .         Reflect  .   (no cloak)
rCorr    .         Harm     +   (no gloves)
MR       .....                  (no boots)
Stlth    +++.......             p - amulet of harm
HPRegen  0.15/turn              n - ring of stealth
MPRegen  0.10/turn              l - ring of positive energy

@: no status effects
A: small, mutation resistance 1
a: Heroism, Renounce Religion


You were on level 3 of the Dungeon.
You worshipped Okawaru.
Okawaru was pleased with you.
You were not hungry.

You visited 1 branch of the dungeon, and saw 4 of its levels.

You collected 179 gold pieces.

Inventory:

Hand Weapons
 a - a +2 hunting sling
 b - a +0 short sword
 d - a +1 hand axe of electrocution (weapon)
 i - a +2 flail of holy wrath
 j - a +1 hand axe of electrocution
 k - a +1 spear of venom
 m - a +2 dagger of venom
Missiles
 e - 184 stones (quivered)
 g - 65 arrows
 v - 17 sling bullets
 y - 7 boomerangs
Armour
 c - a +1 leather armour (worn)
Jewellery
 h - an uncursed ring of ice
 l - a ring of positive energy (right hand)
 n - a ring of stealth (left hand)
 p - an amulet of harm (around neck)
 x - an uncursed amulet of harm
Wands
 u - a wand of acid (13)
Scrolls
 o - 2 scrolls of enchant armour
 q - a scroll of remove curse
 t - a scroll of magic mapping {unknown}
 w - a scroll of teleportation
 A - a scroll of identify
Potions
 r - a potion of curing
 s - a potion of mutation
 z - 2 potions of brilliance
Comestibles
 f - 5 rations


   Skills:
 + Level 3.3 Fighting
 + Level 9.8 Slings
 + Level 1.5 Armour
 + Level 2.3 Dodging
 + Level 1.6 Stealth


You had 6 spell levels left.
You didn't know any spells.
Your spell library was empty.

Dungeon Overview and Level Annotations

Branches:
Dungeon (4/15)
 Temple: D:4-7

Altars:
Dithmenos
Okawaru
The Shining One

Annotations:
D:3 Schattenjager's ghost, amateur GnWn


Innate Abilities, Weirdness & Mutations

You are small and have problems with some larger weapons.
You are somewhat resistant to further mutation.


Message History

Schattenjager's ghost hits you!
* * * LOW HITPOINT WARNING * * *
You hit Schattenjager's ghost.
Schattenjager's ghost is lightly damaged.
Schattenjager's ghost barely misses you.
You feel better.
Schattenjager's ghost barely misses you.
Your +2 dagger of venom stops dripping with poison.
You hear the crackle of electricity.
d - a +1 hand axe of electrocution (weapon)
Schattenjager's ghost closely misses you.
You hit Schattenjager's ghost but do no damage.
Lightning courses through Schattenjager's ghost!
Schattenjager's ghost is heavily damaged.
Schattenjager's ghost hits you!
* * * LOW HITPOINT WARNING * * *
You miss Schattenjager's ghost.
Schattenjager's ghost is heavily damaged.
Schattenjager's ghost hits you.
You die...

#.# #.### ###.#.# #...#.#
######...#.## .
..>.........#######. .#.
............#.....#.#.
.#.#.#<.........#(...(#...
.#..............@..(..#...
............)...W...(♣#..#
............##..'.♣...#...
....##..........#...(.##.######
................#(..(.#.......#
...........##...########.####.#
#....#.....##...### #.........#
#....#............# #.##.######
#..#.......##.....###.##.####


You could see Schattenjager's ghost.

Vanquished Creatures
  Sigmund (D:2)
  An orc priest (D:3)
  2 orc wizards (D:3)
  6 adders
  A shadow imp (D:3)
  A worm (D:2)
  A dart slug (D:3)
  3 leopard geckos
  12 orcs
  8 bats
  3 giant cockroaches
  7 goblins
  8 hobgoblins
  2 jackals (D:2)
  2 quokkas (D:3)
  A ball python (D:1)
  A frilled lizard (D:2)
  4 kobolds
  10 rats
74 creatures vanquished.

Notes
Turn   | Place    | Note
-------+----------+-------------------------------------------
     0 | D:1      | LraC the Halfling Hunter began the quest for the Orb.
     0 | D:1      | Reached XP level 1. HP: 14/14 MP: 1/1
    23 | D:1      | Reached skill level 6 in Slings
    89 | D:1      | Reached XP level 2. HP: 19/19 MP: 2/2
   389 | D:1      | Reached XP level 3. HP: 24/24 MP: 3/3
   519 | D:2      | Found a shadowy altar of Dithmenos.
   541 | D:2      | You fall into a shaft and drop 2 floors!
   544 | D:4      | Found an iron altar of Okawaru.
   574 | D:4      | Became a worshipper of Warmaster Okawaru
   585 | D:3      | Reached skill level 7 in Slings
   589 | D:3      | Reached XP level 4. HP: 29/29 MP: 4/4
   610 | D:3      | Reached XP level 5. HP: 15/35 MP: 5/5
   612 | D:3      | Reached skill level 8 in Slings
   622 | D:3      | Found a runed translucent gate.
   626 | D:3      | Found a runed translucent gate.
   628 | D:3      | Found a runed translucent gate.
   628 | D:3      | Noticed Schattenjager's ghost (amateur GnWn)
   900 | D:2      | Reached skill level 1 in Armour
  1254 | D:2      | Noticed Sigmund
  1268 | D:2      | Killed Sigmund
  1268 | D:2      | Reached * piety under Okawaru
  1268 | D:2      | Reached skill level 9 in Slings
  1268 | D:2      | Reached XP level 6. HP: 24/42 MP: 6/6
  1391 | D:2      | Found a glowing golden altar of the Shining One.
  1677 | D:3      | Reached XP level 7. HP: 46/46 MP: 7/7
  1769 | D:3      | Reached ** piety under Okawaru
  1918 | D:3      | Slain by Schattenjager's ghost

Levels and vault maps discovered:
D:1:      dpeg_arrival_radiant, layout_rooms
D:2:      layout_rooms, old_standard_altar, lemuel_round_altar, serial_curves,
          eino_curves_02, eino_curves_04, eino_curves_02, uniq_sigmund
D:3:      layout_basic, ebering_ghost_rock_garden, minmay_pentangle
D:4:      layout_loops_corners, okawaru_ov_weapons_minmay,
          gammafunk_ghost_stat_death

Skill      XL: |  1  2  3  4  5 |
---------------+----------------+-----
Slings         | 6 7 9 |  9.8
Fighting       | 2 3 |  3.3
Armour         | 1 |  1.5
Dodging        | |  2.3
Stealth        | |  1.6

Action                   |  1- 3 |  4- 6 |  7- 9 || total
-------------------------+-------+-------+-------++-------
Melee: Dagger            |       |     6 |     6 ||    12
       Hand axe          |       |       |     6 ||     6
 Fire: Hunting sling     |    47 |   112 |    17 ||   176
  Use: Scroll            |     7 |     1 |       ||     8
       Potion            |     3 |     4 |     1 ||     8
  Eat: Ration            |       |     1 |       ||     1
Armor: Leather armour    |     2 |     5 |     4 ||    11
Dodge: Dodged            |     5 |    18 |     9 ||    32
